SAAA
FLORIDA MEN @ VERMONT LAKE MONSTERS
09/03/2037
 
TOP OF THE 1ST
Florida Men batting - Pitching for Vermont Lake Monsters : RHP Cheung Wuying
Pitching: RHP Cheung Wuying
Batting: RHB Jorge Salgado 0-0: Ball
1-0: Foul Ball, location: 2F
1-1: Ground out U3 (Groundball, 34, EV 82.5 MPH)
Batting: RHB Vincent Crane 0-0: Ball
1-0: Ball
2-0: Ball
3-0: Foul Ball, location: 2F
3-1: Base on Balls
Batting: LHB Jesús Encarnación 0-0: 2-RUN HOME RUN (Flyball, 7LD, EV 106.2 MPH), Distance : 352 ft
Batting: RHB António Pérez 0-0: Called Strike
0-1: Foul Ball, location: 2F
0-2: Ground out 4-3 (Groundball, 4M, EV 101.9 MPH)
Batting: RHB Pellervo Rintanen 0-0: Ball
1-0: Swinging Strike
1-1: Called Strike
1-2: Ground out 6-3 (Groundball, 6, EV 86.2 MPH)
Top of the 1st over - 2 runs, 1 hit, 0 errors, 0 left on base; Florida 2 - Vermont 0
BOTTOM OF THE 1ST
Vermont Lake Monsters batting - Pitching for Florida Men : RHP Atila Freska
Pitching: RHP Atila Freska
Batting: RHB Gabe Cain 0-0: Ball
1-0: Called Strike
1-1: Ball
2-1: Ball
3-1: Called Strike
3-2: Ground out 4-3 (Groundball, 4, EV 83.1 MPH)
Batting: RHB Marcel Roks 0-0: Ball
1-0: Ball
2-0: Called Strike
2-1: Ball
3-1: Foul Ball, location: 2F
3-2: Strikes out swinging
Batting: LHB Kevin de Bruyne 0-0: Ball
1-0: Ball
2-0: DOUBLE (Line Drive, 8LXD, EV 106.2 MPH)
Batting: LHB Mike Sanderson 0-0: Ball
1-0: Called Strike
1-1: Ball
2-1: Ground out 3-1 (Groundball, 34, EV 111.2 MPH)
Bottom of the 1st over - 0 runs, 1 hit, 0 errors, 1 left on base; Florida 2 - Vermont 0
TOP OF THE 2ND
Florida Men batting - Pitching for Vermont Lake Monsters : RHP Cheung Wuying
Batting: LHB Ronald Anderson 0-0: Swinging Strike
0-1: Ball
1-1: Swinging Strike
1-2: Ball
2-2: SINGLE (Line Drive, 4M, EV 100.0 MPH)
Batting: LHB Matt Herman 0-0: Foul Ball, location: 2F
0-1: Called Strike
Ronald Anderson steals 2nd base (no throw)
0-2: Ball
1-2: SINGLE (Flyball, 8RS, EV 90.6 MPH)
Ronald Anderson to third
Batting: RHB Pedro Ortíz 0-0: Called Strike
0-1: Ball
1-1: Ball
2-1: Foul Ball, location: 2F
2-2: Strikes out swinging
Batting: RHB Marcos Alfaro 0-0: Fly out, F1 (Line Drive, P, EV 65.6 MPH)
Batting: RHB Jorge Salgado 0-0: Fly out, F8 (Flyball, 8RS, EV 90.0 MPH)
Top of the 2nd over - 0 runs, 2 hits, 0 errors, 2 left on base; Florida 2 - Vermont 0
BOTTOM OF THE 2ND
Vermont Lake Monsters batting - Pitching for Florida Men : RHP Atila Freska
Batting: RHB Naganori Takahashi 0-0: Foul Ball, location: 2F
0-1: Foul Ball, location: 2F
0-2: Ball
1-2: Foul Ball, location: 2F
1-2: Foul Ball, location: 2F
1-2: SOLO HOME RUN (Flyball, 7D, EV 98.8 MPH), Distance : 387 ft
Batting: RHB Cedric Terriquez 0-0: Ball
1-0: Swinging Strike
1-1: Ball
2-1: Swinging Strike
2-2: Foul Ball, location: 2F
2-2: Foul Ball, location: 2F
2-2: Ball
3-2: Base on Balls
Batting: RHB Rusty Fox 0-0: Fielders Choice at 2nd, 1-6 (Groundball, 13S, EV 65.0 MPH)
Batting: RHB Dale Doney 0-0: Ball
1-0: Ball
2-0: Foul Ball, location: 2F
2-1: Fly out, F8 (Flyball, 8RM, EV 94.4 MPH)
Batting: RHB Min-tae Yi 0-0: Ball
1-0: Called Strike
1-1: Ball
Rusty Fox steals 2nd, throwing error, E2
Rusty Fox to third
2-1: Ground out 5-3 (Groundball, 56, EV 91.9 MPH)
Bottom of the 2nd over - 1 run, 1 hit, 1 error, 1 left on base; Florida 2 - Vermont 1
TOP OF THE 3RD
Florida Men batting - Pitching for Vermont Lake Monsters : RHP Cheung Wuying
Batting: RHB Vincent Crane 0-0: Ball
1-0: Foul Ball, location: 2F
1-1: Ground out 4-3 (Groundball, 4, EV 85.6 MPH)
Batting: LHB Jesús Encarnación 0-0: Foul Ball, location: 2F
0-1: Foul Ball, location: 2F
0-2: Ground out U3 (Groundball, 3L, EV 90.0 MPH)
Batting: RHB António Pérez 0-0: Ball
1-0: Ground out 4-3 (Groundball, 4, EV 91.9 MPH)
Top of the 3rd over - 0 runs, 0 hits, 0 errors, 0 left on base; Florida 2 - Vermont 1
BOTTOM OF THE 3RD
Vermont Lake Monsters batting - Pitching for Florida Men : RHP Atila Freska
Batting: RHB Gabe Cain 0-0: SINGLE (Groundball, 4MD, EV 100.0 MPH)
Batting: RHB Marcel Roks 0-0: Foul Ball, location: 2F
0-1: Ball
Gabe Cain steals 2nd base
1-1: SINGLE (Flyball, 89S, EV 90.0 MPH)
Gabe Cain to third
Runner from 3rd tries for Home, SAFE, throw by CF to home
Batting: LHB Kevin de Bruyne 0-0: Ball
1-0: SINGLE (Line Drive, 8LS, EV 107.5 MPH)
Marcel Roks to second
Runner from 2nd tries for 3rd, SAFE, throw by CF made to third
Batting: LHB Mike Sanderson 0-0: Called Strike
0-1: Ball
1-1: SINGLE (Line Drive, 89S, EV 105.0 MPH)
Marcel Roks scores
Kevin de Bruyne to second
Batting: RHB Naganori Takahashi 0-0: Ball
1-0: SINGLE (Groundball, 34D, EV 95.0 MPH)
Kevin de Bruyne to third
Mike Sanderson to second
Runner from 3rd tries for Home, SAFE, throw by RF to home
Batting: RHB Cedric Terriquez 0-0: Ball
1-0: SINGLE (Groundball, 56D, EV 95.6 MPH)
Mike Sanderson to third
Naganori Takahashi to second
Batting: RHB Rusty Fox 0-0: Swinging Strike
0-1: Ball
1-1: Ball
2-1: Called Strike
2-2: Ball
3-2: Strikes out swinging
Batting: RHB Dale Doney 0-0: Ball
1-0: Called Strike
1-1: Ball
2-1: Called Strike
2-2: SINGLE (Groundball, 4M, EV 105.0 MPH) (infield hit)
Mike Sanderson scores
Naganori Takahashi to third
Cedric Terriquez to second
Pitching: RHP Gary Johnson
Batting: RHB Min-tae Yi 0-0: Called Strike
0-1: Grounds into double play, 6-4-3 (Groundball, 6, EV 86.9 MPH)
Bottom of the 3rd over - 4 runs, 7 hits, 0 errors, 2 left on base; Florida 2 - Vermont 5
TOP OF THE 4TH
Florida Men batting - Pitching for Vermont Lake Monsters : RHP Cheung Wuying
Batting: RHB Pellervo Rintanen 0-0: Ball
1-0: Called Strike
1-1: Swinging Strike
1-2: Strikes out swinging
Batting: LHB Ronald Anderson 0-0: Called Strike
0-1: Ball
1-1: Fly out, F8 (Flyball, 8LD, EV 87.5 MPH)
Batting: LHB Matt Herman 0-0: Ball
1-0: SINGLE (Groundball, 6MD, EV 97.5 MPH)
Batting: RHB Pedro Ortíz 0-0: Ball
1-0: Ball
2-0: Ball
3-0: Base on Balls
Matt Herman to second
Batting: RHB Marcos Alfaro 0-0: Ball
1-0: SINGLE (Groundball, 56, EV 101.2 MPH) - runner OUT being hit by batted ball. (infield hit)
Top of the 4th over - 0 runs, 2 hits, 0 errors, 1 left on base; Florida 2 - Vermont 5
BOTTOM OF THE 4TH
Vermont Lake Monsters batting - Pitching for Florida Men : RHP Gary Johnson
Batting: RHB Gabe Cain 0-0: Called Strike
0-1: Ball
1-1: Ground out 5-3 (Groundball, 56S, EV 76.9 MPH)
Batting: RHB Marcel Roks 0-0: Ball
1-0: Called Strike
1-1: Swinging Strike
1-2: Foul Ball, location: 2F
1-2: Ball
2-2: Ball
3-2: Foul Ball, location: 2F
3-2: Base on Balls
Batting: LHB Kevin de Bruyne 0-0: Ball
1-0: Foul Ball, location: 2F
1-1: Ball
2-1: DOUBLE (Line Drive, 9LS, EV 112.5 MPH)
Marcel Roks to third
Batting: LHB Mike Sanderson 0-0: Ball
1-0: Called Strike
1-1: Ball
2-1: Foul Ball, location: 2F
2-2: Ball
3-2: Strikes out swinging
Batting: RHB Naganori Takahashi 0-0: Ball
1-0: Ball
2-0: Called Strike
2-1: Swinging Strike
2-2: Foul Ball, location: 2F
2-2: Strikes out swinging
Bottom of the 4th over - 0 runs, 1 hit, 0 errors, 2 left on base; Florida 2 - Vermont 5
TOP OF THE 5TH
Florida Men batting - Pitching for Vermont Lake Monsters : RHP Cheung Wuying
Batting: RHB Jorge Salgado 0-0: Ball
1-0: Ball
2-0: Called Strike
2-1: Fly out, F9 (Flyball, 89D, EV 103.1 MPH)
Batting: RHB Vincent Crane 0-0: Called Strike
0-1: Swinging Strike
0-2: Ball
1-2: Strikes out looking
Batting: LHB Jesús Encarnación 0-0: Ball
1-0: Ball
2-0: Ball
3-0: Called Strike
3-1: Called Strike
3-2: SINGLE (Groundball, 4MD, EV 101.2 MPH)
Batting: RHB António Pérez 0-0: Foul Ball, location: 2F
0-1: Ball
1-1: Ball
2-1: Foul Ball, location: 2F
2-2: Strikes out swinging
Top of the 5th over - 0 runs, 1 hit, 0 errors, 1 left on base; Florida 2 - Vermont 5
BOTTOM OF THE 5TH
Vermont Lake Monsters batting - Pitching for Florida Men : RHP Gary Johnson
Batting: RHB Cedric Terriquez 0-0: Ball
1-0: Called Strike
1-1: Foul Ball, location: 2F
1-2: Strikes out swinging
Batting: RHB Rusty Fox 0-0: Ball
1-0: Ball
2-0: Called Strike
2-1: Ball
3-1: Foul Ball, location: 2F
3-2: Ground out 5-3 (Groundball, 56S, EV 82.5 MPH)
Batting: RHB Dale Doney 0-0: Ball
1-0: Ball
2-0: SINGLE (Groundball, 56D, EV 96.2 MPH)
Batting: RHB Min-tae Yi 0-0: Ball
1-0: Ground out 3-1 (Groundball, 3S, EV 86.9 MPH)
Bottom of the 5th over - 0 runs, 1 hit, 0 errors, 1 left on base; Florida 2 - Vermont 5
TOP OF THE 6TH
Florida Men batting - Pitching for Vermont Lake Monsters : RHP Cheung Wuying
Batting: RHB Pellervo Rintanen 0-0: Ball
1-0: Ball
2-0: Ball
3-0: Called Strike
3-1: Ground out 5-3 (Groundball, 56, EV 86.2 MPH)
Batting: LHB Ronald Anderson 0-0: Called Strike
0-1: Ball
1-1: Ball
2-1: TRIPLE (Line Drive, 89XD, EV 109.4 MPH)
Batting: LHB Matt Herman 0-0: Called Strike
0-1: Ball
1-1: Called Strike
1-2: SINGLE (Groundball, 34D, EV 110.6 MPH)
Ronald Anderson scores
Batting: RHB Pedro Ortíz 0-0: Fielders Choice at 2nd, 4-6 (Groundball, 4, EV 80.6 MPH)
Batting: RHB Marcos Alfaro 0-0: Ball
1-0: Ball
2-0: Ground out 5-3 (Groundball, 56S, EV 87.5 MPH)
Top of the 6th over - 1 run, 2 hits, 0 errors, 1 left on base; Florida 3 - Vermont 5
BOTTOM OF THE 6TH
Vermont Lake Monsters batting - Pitching for Florida Men : RHP Gary Johnson
Batting: RHB Gabe Cain 0-0: Hit by Pitch
Pitching: LHP Geoffroy Cadaloba
Batting: RHB Marcel Roks 0-0: Called Strike
0-1: Swinging Strike
0-2: Foul Ball, location: 2F
0-2: Ball
1-2: Fly out, F4 (Popup, 4S, EV 78.1 MPH)
Batting: LHB Kevin de Bruyne 0-0: Called Strike
0-1: Grounds into double play, 6-4-3 (Groundball, 6, EV 92.5 MPH)
Bottom of the 6th over - 0 runs, 0 hits, 0 errors, 0 left on base; Florida 3 - Vermont 5
TOP OF THE 7TH
Florida Men batting - Pitching for Vermont Lake Monsters : RHP Cheung Wuying
Batting: RHB Jorge Salgado 0-0: Fly out, F8 (Flyball, 8RS, EV 93.1 MPH)
Batting: RHB Vincent Crane 0-0: Foul Ball, location: 2F
0-1: Swinging Strike
0-2: Ball
1-2: Strikes out looking
Batting: LHB Jesús Encarnación 0-0: Ball
1-0: Ball
2-0: Ball
3-0: Base on Balls
Batting: RHB António Pérez 0-0: Foul Ball, location: 2F
0-1: Fielders Choice at 2nd, 6-4 (Groundball, 56D, EV 97.5 MPH)
Top of the 7th over - 0 runs, 0 hits, 0 errors, 1 left on base; Florida 3 - Vermont 5
BOTTOM OF THE 7TH
Vermont Lake Monsters batting - Pitching for Florida Men : LHP Geoffroy Cadaloba
Batting: LHB Mike Sanderson 0-0: Called Strike
0-1: Fly out, F8 (Flyball, 8RXD, EV 96.9 MPH)
Batting: RHB Naganori Takahashi 0-0: Called Strike
0-1: Called Strike
0-2: Foul Ball, location: 2F
0-2: Ball
1-2: Foul Ball, location: 2F
1-2: Strikes out swinging
Batting: RHB Cedric Terriquez 0-0: Ball
1-0: Ball
2-0: Ball
3-0: Called Strike
3-1: Base on Balls
Batting: RHB Rusty Fox 0-0: Called Strike
Cedric Terriquez is caught stealing 2nd base 2-4
Bottom of the 7th over - 0 runs, 0 hits, 0 errors, 0 left on base; Florida 3 - Vermont 5
TOP OF THE 8TH
Florida Men batting - Pitching for Vermont Lake Monsters : RHP Cheung Wuying
Batting: RHB Pellervo Rintanen 0-0: Swinging Strike
0-1: Ball
1-1: Foul Ball, location: 2F
1-2: Ground out U3 (Groundball, 3, EV 85.0 MPH)
Pitching: RHP Tim Sandaele
Batting: LHB Ronald Anderson 0-0: Called Strike
0-1: Ball
1-1: Swinging Strike
1-2: Strikes out swinging
Batting: LHB Matt Herman 0-0: Called Strike
0-1: Ball
1-1: Ball
2-1: Foul Ball, location: 2F
2-2: SINGLE (Line Drive, 5D, EV 100.0 MPH)
Batting: RHB Pedro Ortíz 0-0: Ball
1-0: Foul Ball, location: 2F
1-1: Ball
2-1: Called Strike
2-2: Fly out, F8 (Line Drive, 8RD, EV 88.1 MPH)
Top of the 8th over - 0 runs, 1 hit, 0 errors, 1 left on base; Florida 3 - Vermont 5
BOTTOM OF THE 8TH
Vermont Lake Monsters batting - Pitching for Florida Men : LHP Geoffroy Cadaloba
Batting: RHB Rusty Fox 0-0: Called Strike
0-1: Ball
1-1: Ball
2-1: SINGLE (Groundball, 56D, EV 95.6 MPH)
Batting: RHB Dale Doney 0-0: Ball
1-0: Ball
2-0: SINGLE (Line Drive, 7LS, EV 87.5 MPH)
Rusty Fox to second
Pitching: RHP Ipe de Deugd
Batting: RHB Min-tae Yi 0-0: Bunted foul
0-1: Ball
1-1: Ball
2-1: Sac Bunt to 15 - play at first, batter OUT! 1-4
Rusty Fox to third
Dale Doney to second
Batting: RHB Gabe Cain 0-0: Called Strike
0-1: Ball
1-1: Ground out 6-3 (Groundball, 6, EV 80.6 MPH)
Rusty Fox scores
Batting: RHB Marcel Roks 0-0: Ball
1-0: Called Strike
1-1: Ball
2-1: Ground out 6-3 (Groundball, 6, EV 80.0 MPH)
Bottom of the 8th over - 1 run, 2 hits, 0 errors, 1 left on base; Florida 3 - Vermont 6
TOP OF THE 9TH
Florida Men batting - Pitching for Vermont Lake Monsters : RHP Tim Sandaele
Pitching: RHP René Fontaine
Batting: RHB Marcos Alfaro 0-0: Ball
1-0: Ball
2-0: Ground out 5-3 (Groundball, 56S, EV 83.8 MPH)
Batting: RHB Jorge Salgado 0-0: Fly out, F3 (Popup, 3, EV 78.1 MPH)
Batting: RHB Vincent Crane 0-0: Called Strike
0-1: Ground out 4-3 (Groundball, 4, EV 84.4 MPH)
Top of the 9th over - 0 runs, 0 hits, 0 errors, 0 left on base; Florida 3 - Vermont 6
Thursday, January 23rd, 2020 - OOTP Baseball 20.8 Build 74